 Dungeon Crawl Stone Soup version 0.28.0-43-g3370ac3207 (webtiles) character file.

Game seed: 13924222137118081343

325 Ablot the Grasshopper (level 6, -2/51 HPs)
             Began as a Gnoll Warper on Feb 28, 2022.
             Slain by an orc priest
             ... wielding a +0 whip
              (6 damage)
             ... on level 5 of the Dungeon.
             The game lasted 00:05:30 (4283 turns).

Ablot the Grasshopper (Gnoll Warper)                Turns: 4283, Time: 00:05:30

Health: -2/51      AC:  4    Str: 12    XL:     6   Next: 48%
Magic:  14/14      EV: 13    Int: 13    God:
Gold:   99         SH:  0    Dex: 11    Spells: 13/15 levels left

rFire   . . .      SeeInvis +   a - +0 spear
rCold   . . .      Faith    .   (no shield)
rNeg    . . .      Spirit   .   b - +0 leather armour
rPois   .          Reflect  .   (no helmet)
rElec   .          Harm     .   (no cloak)
rCorr   .          Rampage  .   n - +0 pair of gloves
Will    .....                   (no boots)
Stlth   ++........              (no amulet)
HPRegen 0.17/turn               (no ring)
MPRegen 0.14/turn               p - ring of see invisible

@: no status effects
A: fangs 1, strong nose, distributed training
a: no special abilities


You were on level 5 of the Dungeon.
You visited 1 branch of the dungeon, and saw 4 of its levels.

You collected 99 gold pieces.

Inventory:

Hand Weapons
 a - a +0 spear (weapon)
Missiles
 d - 5 boomerangs of dispersal
 i - 40 sling bullets
 j - 43 arrows
 k - 38 stones
 q - 6 javelins (quivered)
Armour
 b - a +0 leather armour (worn)
 n - a +0 pair of gloves (worn)
Jewellery
 h - a ring of ice
 p - a ring of see invisible (right hand)
Scrolls
 c - a scroll of blinking
 e - a scroll of holy word {unknown}
 l - 3 scrolls of teleportation {unknown}
 o - 2 scrolls of identify {unknown}
Potions
 f - a potion of invisibility {unknown}
 g - a potion of curing {unknown}
 m - 2 potions of flight {unknown}


   Skills:
 + Level 5.0 Fighting
 + Level 2.0 Short Blades
 + Level 2.0 Long Blades
 + Level 2.0 Axes
 + Level 2.0 Maces & Flails
 + Level 5.0 Polearms
 + Level 2.0 Staves
 + Level 2.0 Slings
 + Level 2.0 Bows
 + Level 2.0 Crossbows
 + Level 3.2 Throwing
 + Level 3.2 Armour
 + Level 5.0 Dodging
 + Level 2.0 Stealth
 + Level 2.0 Shields
 + Level 2.0 Unarmed Combat
 + Level 5.4 Spellcasting
 + Level 1.5 Conjurations
 + Level 1.5 Hexes
 + Level 1.5 Summonings
 + Level 1.5 Necromancy
 + Level 5.6 Translocations
 + Level 1.5 Transmutations
 + Level 1.5 Fire Magic
 + Level 1.5 Ice Magic
 + Level 1.5 Air Magic
 + Level 1.5 Earth Magic
 + Level 1.5 Poison Magic
 + Level 2.2 Invocations
 + Level 2.0 Evocations


You had 13 spell levels left.
You knew the following spells:

 Your Spells              Type           Power      Damage    Failure   Level
a - Blink                 Tloc           36%        N/A       3%          2

Your spell library contained the following spells:

 Spells                   Type           Power      Damage    Failure   Level
 Gell's Gravitas          Tloc           18%        N/A       7%          3
 Lesser Beckoning         Tloc           18%        N/A       7%          3
 Teleport Other           Tloc           18%        N/A       7%          3
 Magic Dart               Conj           28%        1d4       12%         1
 Searing Ray              Conj           14%        2d5       19%         2
 Manifold Assault         Tloc           18%        N/A       52%         5
 Fulminant Prism          Conj/Hex       3%         3d6       75%         4


Dungeon Overview and Level Annotations

Branches:
Dungeon (3/15)

Altars:

Annotations:
D:3 Sigmund


Innate Abilities, Weirdness & Mutations

You have very sharp teeth.
Your uncanny sense of smell can sniff out nearby items.
Your experience applies equally to all skills.


Message History

You hit the orc priest.
The orc priest is almost dead.
The orc hits you with a +0 club.
* * * LOW HITPOINT WARNING * * *
The orc priest hits you but does no damage.
You hit the orc priest.
The orc priest is almost dead.
The orc barely misses you.
You hit the orc priest but do no damage.
The orc priest is almost dead.
The orc priest misses you.
You hit the orc priest but do no damage.
The orc priest is almost dead.
The orc barely misses you. The orc priest misses you.
You hit the orc priest but do no damage.
You bite the orc priest, but do no damage.
The orc priest is almost dead.
The orc barely misses you.
The orc priest looks encouraged for a moment.
You completely miss the orc priest.
The orc priest is almost dead.
The orc barely misses you. The orc priest hits you with a +0 whip.
* * * LOW HITPOINT WARNING * * *
You closely miss the orc priest.
The orc priest is almost dead.
The orc hits you with a +0 club.
* * * LOW HITPOINT WARNING * * *
The orc priest miscasts a cantrip.
You barely miss the orc priest.
The orc priest is almost dead.
The orc closely misses you.
You hit the orc priest but do no damage.
You punch the orc priest, but do no damage.
The orc priest is almost dead.
The orc priest barely misses you. The orc hits you with a +0 club.
* * * LOW HITPOINT WARNING * * *
You hit the orc priest but do no damage.
The orc priest is almost dead.
The orc priest hits you with a +0 whip.
You die...

......... .........
......... #.......< ∆
#...(....
#######........
#...##..# ....
#...#oo##.o.. ###
#####....@##..# #.###
..##............#
#.##. #.........######
###†#..
....##.##........####
#.##.#. .## .>.
#...####....####.#.###
..### #...#
####...###..### ##
#.### ###..##.†..#
#..# #.#...###. #.##
...##### ##


You could see an orc priest and an orc.

Vanquished Creatures
  A vampire bat (D:5)
  A hound (D:2)
  A jelly (D:5)
  A centaur skeleton (D:5)
  2 gnolls (D:2)
  An adder (D:3)
  3 dart slugs (D:2)
  3 fire bats (D:5)
  2 spectral bats (D:5)
  5 ball pythons
  3 bat skeletons (D:5)
  A bat zombie (D:5)
  6 endoplasms
  9 giant cockroaches
  14 goblins
  8 hobgoblins
  3 jackals (D:1)
  4 kobolds
  2 quokkas
  19 bats
  A bat simulacrum (D:5)
  2 frilled lizards (D:1)
  4 rats
96 creatures vanquished.

Notes
Turn   | Place    | Note
-------+----------+-------------------------------------------
     0 | D:1      | Ablot the Gnoll Warper began the quest for the Orb.
     0 | D:1      | Reached XP level 1. HP: 20/20 MP: 6/6
   312 | D:1      | Reached XP level 2. HP: 26/26 MP: 7/7
   315 | D:1      | Learned a level 2 spell: Blink
   751 | D:1      | Reached XP level 3. HP: 19/31 MP: 9/9
   761 | D:1      | Reached skill level 5 in Spellcasting
  1355 | D:2      | Reached skill level 1 in Invocations
  1392 | D:2      | Reached skill level 1 in Short Blades
  1392 | D:2      | Reached skill level 1 in Long Blades
  1392 | D:2      | Reached skill level 1 in Axes
  1392 | D:2      | Reached skill level 1 in Maces & Flails
  1392 | D:2      | Reached skill level 1 in Staves
  1392 | D:2      | Reached skill level 1 in Slings
  1392 | D:2      | Reached skill level 1 in Bows
  1392 | D:2      | Reached skill level 1 in Crossbows
  1392 | D:2      | Reached skill level 1 in Stealth
  1392 | D:2      | Reached skill level 1 in Shields
  1392 | D:2      | Reached skill level 1 in Unarmed Combat
  1392 | D:2      | Reached skill level 1 in Evocations
  1392 | D:2      | Reached XP level 4. HP: 14/38 MP: 11/11
  1930 | D:2      | Reached skill level 1 in Conjurations
  1930 | D:2      | Reached skill level 1 in Hexes
  1930 | D:2      | Reached skill level 1 in Summonings
  1930 | D:2      | Reached skill level 1 in Necromancy
  1930 | D:2      | Reached skill level 1 in Transmutations
  1930 | D:2      | Reached skill level 1 in Fire Magic
  1930 | D:2      | Reached skill level 1 in Ice Magic
  1930 | D:2      | Reached skill level 1 in Air Magic
  1930 | D:2      | Reached skill level 1 in Earth Magic
  1930 | D:2      | Reached skill level 1 in Poison Magic
  2702 | D:2      | Reached XP level 5. HP: 21/43 MP: 12/12
  3464 | D:3      | Noticed Sigmund
  3494 | D:3      | You fall into a shaft and drop 2 floors!
  3494 | D:5      | Entered Level 5 of the Dungeon
  3942 | D:5      | Reached XP level 6. HP: 45/49 MP: 13/13
  4033 | D:5      | Reached skill level 5 in Fighting
  4033 | D:5      | Reached skill level 5 in Polearms
  4033 | D:5      | Reached skill level 5 in Dodging
  4283 | D:5      | Slain by an orc priest

Illustrated notes

Levels and vault maps discovered:
D:1:      shiori_arrival_elements, layout_basic, minmay_fountain_box,
          patterned_corridor
D:2:      kennysheep_the_goblin_king, layout_basic, minmay_misc_feat_doors,
          minmay_misc_feat_pillars, chequers_serial_rivers_micro_a,
          minmay_heptomino_l4
D:3:      layout_basic, overflow_temple_1_default, uniq_sigmund
D:5:      layout_rooms, lemuel_round_altar, serial_shops, kennysheep_mini,
          shop_statue, goddamned_bats

Skill      XL: |  1  2  3  4  5  6 |
---------------+-------------------+-----
Spellcasting   | 5 |  5.4
Invocations    | 1 2 |  2.2
Short Blades   | 1 2 |  2.0
Long Blades    | 1 2 |  2.0
Axes           | 1 2 |  2.0
Maces & Flails | 1 2 |  2.0
Staves         | 1 2 |  2.0
Slings         | 1 2 |  2.0
Bows           | 1 2 |  2.0
Crossbows      | 1 2 |  2.0
Stealth        | 1 2 |  2.0
Shields        | 1 2 |  2.0
Unarmed Combat | 1 2 |  2.0
Evocations     | 1 2 |  2.0
Conjurations   | 1 |  1.5
Hexes          | 1 |  1.5
Summonings     | 1 |  1.5
Necromancy     | 1 |  1.5
Transmutations | 1 |  1.5
Fire Magic     | 1 |  1.5
Ice Magic      | 1 |  1.5
Air Magic      | 1 |  1.5
Earth Magic    | 1 |  1.5
Poison Magic   | 1 |  1.5
Throwing       | 3 |  3.2
Armour         | 3 |  3.2
Fighting       | 5 |  5.0
Polearms       | 5 |  5.0
Dodging        | 5 |  5.0
Translocations | |  5.6

Action                   |  1- 3 |  4- 6 || total
-------------------------+-------+-------++-------
Melee: Spear             |   166 |   313 ||   479
       Bite              |    10 |    23 ||    33
       Punch             |     3 |     5 ||     8
Throw: Javelin           |       |     2 ||     2
 Cast: Blink             |       |     1 ||     1
 Stab: Sleeping          |     1 |     4 ||     5
       Distracted        |       |     1 ||     1
Armor: Leather armour    |    31 |   123 ||   154
Dodge: Dodged            |    95 |   260 ||   355
